AoeStats
← ✪Coαch_98

Arena

508813054Analyzed
4v4 RM · 6d ago on Sep 24, 2026· 45m 31s· 8 players
Game mode
Random Map
Map size
Large (8 player)
Population
200
Speed
Normal
Resources
Standard
Victory
Conquest
Starting age
Dark Age
Ending age
Imperial Age
RankedLock teamsTeams togetherTeam positionsShared explorationLock speedFull tech treeHidden civsTurbo modeCheats
Victory
Defeat
🇨🇦 Khmer · Canada
734
+13
🇨🇴 Mongols · Colombia
682
+15
🇨🇳 Vikings · China
680
+15
🇨🇳 Goths · China
680
+15
🇪🇸 Huns · Spain
789
-20
🇺🇸 Khmer · United States
695
-16
🇲🇽 Varangians · Mexico
644
-14
🇲🇽 Danes · Mexico
484
-8
✪Coαch_98
10:36 Feudal Age
14:51 Castle Age
12:57 Double-Bit Axe
13:12 Horse Collar
13:48 Gold Mining
13:46 Loom
16:05 Bow Saw
16:52 Fervor
17:19 Scale Barding Armor
17:25 Forging
20:02 Iron Casting
21:56 Bloodlines
22:48 Gold Shaft Mining
23:48 Light Cavalry
24:35 Heavy Plow
25:24 Chain Barding Armor
25:26 Stone Mining
26:05 Husbandry
27:01 Stone Shaft Mining
27:20 Wheelbarrow
26:30 Town Watch
27:30 Town Patrol
27:34 Murder Holes
29:38 Hand Cart
32:37 Imperial Age
30:20 Fletching
30:30 Padded Archer Armor
30:53 Ballistics
31:09 Fortified Wall
31:10 Masonry
32:29 Leather Archer Armor
32:10 Bodkin Arrow
32:47 Hussar
34:31 Blast Furnace
33:00 Capped Ram
35:51 Conscription
37:25 Drill
37:21 Siege Ram
37:21 Onager
38:18 Bracer
38:18 Scale Mail Armor
41:28 Chemistry
40:22 Sappers
41:27 Hoardings
44:07 Nomads
43:27 Elite Mangudai
44:32 Chain Mail Armor
★秧★FISHY
1:19 Loom
14:30 Feudal Age
15:39 Double-Bit Axe
16:32 Wheelbarrow
15:41 Horse Collar
20:49 Castle Age
21:11 Stone Mining
21:56 Bow Saw
22:04 Hand Cart
21:51 Heavy Plow
26:55 Gold Mining
34:50 Imperial Age
34:38 Gold Shaft Mining
34:49 Stone Shaft Mining
35:27 Bloodlines
34:38 Light Cavalry
35:57 Hussar
37:51 Crop Rotation
38:00 Murder Holes
41:30 Conscription
40:41 Sappers
41:47 Hoardings
43:49 Siege Engineers
43:55 Masonry
45:32 Fletching
45:52 Forging
45:48 Scale Barding Armor
46:11 Fortified Wall
47:01 Chemistry
46:32 Architecture
爷
0:32 Loom
10:00 Feudal Age
12:04 Double-Bit Axe
18:19 Arson
21:23 Castle Age
20:57 Horse Collar
28:57 Bow Saw
29:35 Heavy Plow
33:20 Murder Holes
35:58 Imperial Age
34:21 Forging
34:12 Scale Mail Armor
34:18 Scale Barding Armor
39:17 Cavalier
41:34 Two-Man Saw
41:06 Crop Rotation
43:21 Iron Casting
43:07 Chain Barding Armor
45:50 Gold Mining
45:51 Stone Mining
鬼才
0:28 Loom
12:21 Feudal Age
13:37 Wheelbarrow
13:00 Double-Bit Axe
13:42 Horse Collar
17:52 Forging
19:27 Man-at-Arms
22:26 Castle Age
20:29 Man-at-Arms
27:01 Scale Mail Armor
28:02 Squires
29:01 Hand Cart
30:25 Heavy Plow
33:09 Anarchy
33:31 Town Watch
34:57 Iron Casting
34:37 Chain Mail Armor
35:34 Chain Mail Armor
42:08 Gold Mining
✪KillerMx✪
9:53 Feudal Age
10:24 Double-Bit Axe
12:45 Wheelbarrow
18:16 Horse Collar
22:03 Castle Age
22:28 Arson
23:15 Hand Cart
23:40 Gold Mining
25:02 Scale Barding Armor
26:56 Bow Saw
27:16 Heavy Plow
28:29 Forging
30:14 Squires
36:43 Imperial Age
35:22 Chain Barding Armor
35:03 Scale Mail Armor
35:39 Iron Casting
39:01 Blast Furnace
38:17 Chain Mail Armor
38:16 Elite Varangian Guard
38:54 Gambesons
40:24 Gothikon
41:24 Elite Jarl
44:43 Two-Man Saw
44:17 Crop Rotation
43:45 Stone Mining
45:43 Plate Mail Armor
RadCargo6254
1:01 Loom
14:21 Feudal Age
14:49 Town Watch
15:39 Wheelbarrow
14:49 Horse Collar
15:42 Double-Bit Axe
15:51 Gold Mining
20:53 Castle Age
19:36 Stone Mining
25:29 Heavy Plow
25:43 Bow Saw
27:18 Bloodlines
29:06 Hand Cart
30:50 Gold Shaft Mining
31:36 Murder Holes
32:46 Town Patrol
34:12 Fortified Wall
36:57 Stone Shaft Mining
42:13 Imperial Age
Sir Rubo
0:50 Loom
16:15 Feudal Age
20:57 Castle Age
18:51 Double-Bit Axe
19:04 Stone Mining
19:09 Gold Mining
21:57 Gambesons
22:13 Squires
21:59 Arson
21:36 Man-at-Arms
23:01 Stone Shaft Mining
23:06 Gold Shaft Mining
24:07 Bow Saw
24:44 Horse Collar
28:11 Forging
28:02 Scale Mail Armor
28:23 Caravan
29:06 Heavy Plow
32:54 Hamask
35:07 Iron Casting
34:48 Chain Mail Armor
38:40 Imperial Age
35:56 Long Swordsman
38:44 Wheelbarrow
39:00 Elite Varangian Guard
[PKT]Luixpozo
9:59 Loom
11:45 Feudal Age
17:27 Castle Age
25:15 Elite Skirmisher
27:39 Double-Bit Axe
34:07 Imperial Age
36:18 Bloodlines
36:10 Husbandry
38:30 Cavalier
40:08 Scale Barding Armor
Connection lost

Rejoining the realm…

Still unreachable

The connection could not be restored.

Session expired

The server has moved on; the page needs a fresh start.